SAAA
GRYFINDOR BRAVES @ SANTA BARBARA GOLDEN CRANES
09/17/2031
 
TOP OF THE 1ST
Gryfindor Braves batting - Pitching for Santa Barbara Golden Cranes : RHP Hikaru Yamaguchi
Pitching: RHP Hikaru Yamaguchi
Batting: RHB Damon Newbold 0-0: Ball
1-0: Ball
2-0: Swinging Strike
2-1: Foul Ball, location: 2F
2-2: Ball
3-2: Fly out, F6 (Line Drive, 6MD)
Now at SS: Robert Adams
Batting: LHB Ignacio Medine 0-0: Ball
1-0: Ball
2-0: Ball
3-0: Called Strike
3-1: Ground out 6-3 (Groundball, 6)
Batting: RHB Raúl Reyna 0-0: Fly out, F5 (Line Drive, 5)
Top of the 1st over - 0 runs, 0 hits, 0 errors, 0 left on base; Gryfindor 0 - Santa Barbara 0
BOTTOM OF THE 1ST
Santa Barbara Golden Cranes batting - Pitching for Gryfindor Braves : LHP Bradley Roth
Pitching: LHP Bradley Roth
Batting: RHB Christian Turner 0-0: Ground out 3-1 (Groundball, 34)
Batting: LHB Robert Adams 0-0: Called Strike
0-1: Fly out, F4 (Popup, 34S)
Batting: RHB James Pike 0-0: Called Strike
0-1: Ball
1-1: DOUBLE (Flyball, 78D)
Batting: RHB Byron Isaacson 0-0: Swinging Strike
0-1: Ball
1-1: Foul Ball, location: 2F
1-2: Foul Ball, location: 2F
1-2: Foul Ball, location: 2F
1-2: Reached on error, E4 (Groundball, 4)
James Pike to third
Batting: RHB Logan Manning 0-0: Ball
1-0: Swinging Strike
1-1: Ball
2-1: Foul Ball, location: 2F
2-2: Ball
3-2: Base on Balls
Byron Isaacson to second
Batting: RHB Gilbert Graham 0-0: Ball
1-0: Ball
2-0: Called Strike
2-1: Swinging Strike
2-2: Fielders Choice at 2nd, 6-4 (Groundball, 6)
Bottom of the 1st over - 0 runs, 1 hit, 1 error, 3 left on base; Gryfindor 0 - Santa Barbara 0
TOP OF THE 2ND
Gryfindor Braves batting - Pitching for Santa Barbara Golden Cranes : RHP Hikaru Yamaguchi
Batting: SHB Fernando Sánchez 0-0: Swinging Strike
0-1: Ball
1-1: Fly out, F7 (Flyball, 7LMF)
Batting: LHB Brent van Schoonhoven 0-0: Ball
1-0: Foul Ball, location: 2F
1-1: Swinging Strike
1-2: Strikes out looking
Batting: RHB Ernesto Souza 0-0: Ball
1-0: Called Strike
1-1: Ball
2-1: Foul Ball, location: 2F
2-2: Foul Ball, location: 2F
2-2: Ball
3-2: Base on Balls
Batting: RHB Robinson Barquero 0-0: Called Strike
0-1: Ball
1-1: Ball
2-1: Swinging Strike
2-2: Foul Ball, location: 2F
2-2: Fly out, F8 (Line Drive, 8LM)
Top of the 2nd over - 0 runs, 0 hits, 0 errors, 1 left on base; Gryfindor 0 - Santa Barbara 0
BOTTOM OF THE 2ND
Santa Barbara Golden Cranes batting - Pitching for Gryfindor Braves : LHP Bradley Roth
Batting: RHB Héctor Moreno 0-0: Swinging Strike
0-1: Called Strike
0-2: Ball
1-2: Strikes out looking
Batting: RHB Salvador Noriega 0-0: Ball
1-0: Called Strike
1-1: Foul Ball, location: 2F
1-2: Strikes out swinging
Batting: LHB Sixto Álvarez 0-0: Ball
1-0: Ball
2-0: Fly out, F9 (Flyball, 9LSF)
Bottom of the 2nd over - 0 runs, 0 hits, 0 errors, 0 left on base; Gryfindor 0 - Santa Barbara 0
TOP OF THE 3RD
Gryfindor Braves batting - Pitching for Santa Barbara Golden Cranes : RHP Hikaru Yamaguchi
Batting: RHB Austin Case 0-0: Ball
1-0: Called Strike
1-1: SINGLE (Flyball, 8RS)
Batting: RHB Javier López 0-0: SINGLE (Line Drive, 7S)
Austin Case to second
Batting: RHB Damon Newbold 0-0: Called Strike
0-1: Swinging Strike
0-2: Strikes out swinging
Batting: LHB Ignacio Medine 0-0: Called Strike
0-1: Swinging Strike
0-2: Strikes out swinging
Batting: RHB Raúl Reyna 0-0: Ball
1-0: Swinging Strike
1-1: Foul Ball, location: 2F
1-2: Ball
2-2: SINGLE (Flyball, 89M)
Austin Case to third
Javier López to second
Batting: SHB Fernando Sánchez 0-0: Foul Ball, location: 2F
0-1: Ball
1-1: Fly out, F8 (Flyball, 8LM)
Top of the 3rd over - 0 runs, 3 hits, 0 errors, 3 left on base; Gryfindor 0 - Santa Barbara 0
BOTTOM OF THE 3RD
Santa Barbara Golden Cranes batting - Pitching for Gryfindor Braves : LHP Bradley Roth
Batting: RHB Christian Turner 0-0: Ball
1-0: Foul Ball, location: 2F
1-1: Foul Ball, location: 2F
1-2: Ball
2-2: Foul Ball, location: 2F
2-2: Ball
3-2: Fly out, F4 (Popup, 4S)
Batting: LHB Robert Adams 0-0: Called Strike
0-1: Ball
1-1: Ball
2-1: Ball
3-1: Foul Ball, location: 2F
3-2: SINGLE (Flyball, 9S)
Batting: RHB James Pike 0-0: Foul Ball, location: 2F
0-1: Called Strike
0-2: Ball
1-2: DOUBLE (Flyball, 8RXD)
Robert Adams to third
Batting: RHB Byron Isaacson 0-0: Ball
1-0: Called Strike
1-1: Fly out, F4 (Popup, 23)
Batting: RHB Logan Manning 0-0: Foul Ball, location: 2F
0-1: Fly out, F8 (Flyball, 8LD)
Bottom of the 3rd over - 0 runs, 2 hits, 0 errors, 2 left on base; Gryfindor 0 - Santa Barbara 0
TOP OF THE 4TH
Gryfindor Braves batting - Pitching for Santa Barbara Golden Cranes : RHP Hikaru Yamaguchi
Batting: LHB Brent van Schoonhoven 0-0: Called Strike
0-1: Fly out, F1 (Line Drive, 13S)
Batting: RHB Ernesto Souza 0-0: Ball
1-0: Ball
2-0: Ball
3-0: Called Strike
3-1: Fly out, F8 (Flyball, 8LD)
Batting: RHB Robinson Barquero 0-0: Fly out, F9 (Flyball, 9)
Top of the 4th over - 0 runs, 0 hits, 0 errors, 0 left on base; Gryfindor 0 - Santa Barbara 0
BOTTOM OF THE 4TH
Santa Barbara Golden Cranes batting - Pitching for Gryfindor Braves : LHP Bradley Roth
Batting: RHB Gilbert Graham 0-0: Ball
1-0: Swinging Strike
1-1: Swinging Strike
1-2: Ball
2-2: Ball
3-2: Strikes out swinging
Batting: RHB Héctor Moreno 0-0: Ball
1-0: Called Strike
1-1: Ball
2-1: Foul Ball, location: 2F
2-2: Ball
3-2: Strikes out swinging
Batting: RHB Salvador Noriega 0-0: Ground out 5-3 (Groundball, 5S)
Bottom of the 4th over - 0 runs, 0 hits, 0 errors, 0 left on base; Gryfindor 0 - Santa Barbara 0
TOP OF THE 5TH
Gryfindor Braves batting - Pitching for Santa Barbara Golden Cranes : RHP Hikaru Yamaguchi
Batting: RHB Austin Case 0-0: Swinging Strike
0-1: Called Strike
0-2: Strikes out swinging
Batting: RHB Javier López 0-0: Foul Ball, location: 2F
0-1: Foul Ball, location: 2F
0-2: Ball
1-2: Strikes out swinging
Batting: RHB Damon Newbold 0-0: Ball
1-0: Ball
2-0: Ball
3-0: Base on Balls
Batting: LHB Ignacio Medine 0-0: Called Strike
0-1: Ball
1-1: Ball
2-1: Ball
3-1: Base on Balls
Damon Newbold to second
Batting: RHB Raúl Reyna 0-0: Fielders Choice at 2nd, 5-4 (Groundball, 56)
Top of the 5th over - 0 runs, 0 hits, 0 errors, 2 left on base; Gryfindor 0 - Santa Barbara 0
BOTTOM OF THE 5TH
Santa Barbara Golden Cranes batting - Pitching for Gryfindor Braves : LHP Bradley Roth
Batting: LHB Sixto Álvarez 0-0: Ground out 4-3 (Groundball, 4)
Batting: RHB Christian Turner 0-0: Called Strike
0-1: Swinging Strike
0-2: Strikes out swinging
Batting: LHB Robert Adams 0-0: Ball
1-0: Ball
2-0: Called Strike
2-1: Ball
3-1: Base on Balls
Batting: RHB James Pike 0-0: Called Strike
0-1: Called Strike
0-2: Ball
1-2: Ball
2-2: Strikes out swinging
Bottom of the 5th over - 0 runs, 0 hits, 0 errors, 1 left on base; Gryfindor 0 - Santa Barbara 0
TOP OF THE 6TH
Gryfindor Braves batting - Pitching for Santa Barbara Golden Cranes : RHP Hikaru Yamaguchi
Batting: SHB Fernando Sánchez 0-0: Hit by Pitch
Pitching: RHP Rocky Lannan
Batting: LHB Brent van Schoonhoven 0-0: Ball
1-0: Ball
2-0: SINGLE (Flyball, 8LS)
Fernando Sánchez to second
Batting: RHB Ernesto Souza 0-0: Called Strike
0-1: Called Strike
0-2: Ball
1-2: Strikes out looking
Batting: RHB Robinson Barquero 0-0: Ball
1-0: Ball
2-0: Ball
3-0: Called Strike
3-1: SINGLE (Groundball, 6MD)
Fernando Sánchez to third
Brent van Schoonhoven to second
Runner from 3rd tries for Home, SAFE, no throw
Batting: RHB Austin Case 0-0: Foul Ball, location: 2F
0-1: Foul Ball, location: 2F
0-2: Ball
1-2: Foul Ball, location: 2F
1-2: Ball
2-2: Ball
3-2: Grounds into double play, 4-6-3 (Groundball, 4)
Top of the 6th over - 1 run, 2 hits, 0 errors, 1 left on base; Gryfindor 1 - Santa Barbara 0
BOTTOM OF THE 6TH
Santa Barbara Golden Cranes batting - Pitching for Gryfindor Braves : LHP Bradley Roth
Batting: RHB Byron Isaacson 0-0: Foul Ball, location: 2F
0-1: Ball
1-1: Foul Ball, location: 2F
1-2: Ground out U3 (Groundball, 34)
Batting: RHB Logan Manning 0-0: Ball
1-0: Foul Ball, location: 2F
1-1: Fly out, F8 (Flyball, 78D)
Batting: RHB Gilbert Graham 0-0: Ball
1-0: Ball
2-0: Ball
3-0: Foul Ball, location: 2F
3-1: Ground out 5-3 (Groundball, 2L)
Bottom of the 6th over - 0 runs, 0 hits, 0 errors, 0 left on base; Gryfindor 1 - Santa Barbara 0
TOP OF THE 7TH
Gryfindor Braves batting - Pitching for Santa Barbara Golden Cranes : RHP Rocky Lannan
Batting: RHB Javier López 0-0: Foul Ball, location: 2F
0-1: Foul Ball, location: 2F
0-2: Strikes out swinging
Batting: RHB Damon Newbold 0-0: Ball
1-0: Swinging Strike
1-1: Foul Ball, location: 2F
1-2: SINGLE (Groundball, 34D)
Batting: LHB Ignacio Medine 0-0: Ball
1-0: Ball
Damon Newbold steals 2nd base
2-0: Intentional Walk
Batting: RHB Raúl Reyna 0-0: Called Strike
0-1: Ball
Damon Newbold steals 3rd base
1-1: Foul Ball, location: 2F
1-2: Strikes out looking
Batting: SHB Fernando Sánchez 0-0: SINGLE (Groundball, 3D)
Damon Newbold scores
Ignacio Medine to second
Runner from 2nd tries for 3rd, SAFE, no throw
Batting: LHB Brent van Schoonhoven 0-0: Swinging Strike
0-1: Foul Ball, location: 2F
0-2: Foul Ball, location: 2F
0-2: Ball
1-2: Strikes out swinging
Top of the 7th over - 1 run, 2 hits, 0 errors, 2 left on base; Gryfindor 2 - Santa Barbara 0
BOTTOM OF THE 7TH
Santa Barbara Golden Cranes batting - Pitching for Gryfindor Braves : LHP Bradley Roth
Batting: RHB Héctor Moreno 0-0: Called Strike
0-1: Swinging Strike
0-2: Fly out, F7 (Flyball, 7S)
Batting: RHB Salvador Noriega 0-0: Called Strike
0-1: Ball
1-1: Foul Ball, location: 2F
1-2: Foul Ball, location: 2F
1-2: Ball
2-2: Foul Ball, location: 2F
2-2: Ground out 5-3 (Groundball, 56)
Batting: LHB Sixto Álvarez 0-0: Ball
1-0: Foul Ball, location: 2F
1-1: Called Strike
1-2: Ball
2-2: Ball
3-2: Strikes out looking
Bottom of the 7th over - 0 runs, 0 hits, 0 errors, 0 left on base; Gryfindor 2 - Santa Barbara 0
TOP OF THE 8TH
Gryfindor Braves batting - Pitching for Santa Barbara Golden Cranes : RHP Rocky Lannan
Batting: RHB Ernesto Souza 0-0: Ball
1-0: Ball
2-0: Ball
3-0: Base on Balls
Batting: RHB Robinson Barquero 0-0: Ball
1-0: Called Strike
1-1: Foul Ball, location: 2F
1-2: SINGLE (Groundball, 34) (infield hit)
Ernesto Souza to second
Batting: RHB Austin Case 0-0: Ball
1-0: Ball
2-0: Ball
3-0: Base on Balls
Ernesto Souza to third
Robinson Barquero to second
Pinch Hitting: LHB Austin Hathaway 0-0: Ball
1-0: Called Strike
1-1: Called Strike
1-2: Foul Ball, location: 2F
1-2: Ball
2-2: DOUBLE (Line Drive, 89D)
Ernesto Souza scores
Robinson Barquero scores
Austin Case to third
Pitching: RHP Salvador Torres
Batting: RHB Damon Newbold 0-0: Ball
1-0: Fly out, F7 (Flyball, 7S)
Batting: LHB Ignacio Medine 0-0: Intentional Walk
Batting: RHB Raúl Reyna 0-0: Swinging Strike
0-1: Ball
1-1: Foul Ball, location: 2F
1-2: Grounds into fielders choice 6-2 (Groundball, 6)
Austin Hathaway to third
Ignacio Medine to second
Batting: SHB Fernando Sánchez 0-0: Called Strike
0-1: Ball
1-1: Swinging Strike
1-2: Ball
2-2: SINGLE (Line Drive, 8RS)
Austin Hathaway scores
Ignacio Medine to third
Raúl Reyna to second
Batting: LHB Brent van Schoonhoven 0-0: Ball
1-0: Ball
2-0: Ground out U3 (Groundball, 3)
Top of the 8th over - 3 runs, 3 hits, 0 errors, 3 left on base; Gryfindor 5 - Santa Barbara 0
BOTTOM OF THE 8TH
Santa Barbara Golden Cranes batting - Pitching for Gryfindor Braves : LHP Bradley Roth
Pitching: RHP José Vargo
Now at SS: Roy Herring
Batting: RHB Christian Turner 0-0: Called Strike
0-1: Called Strike
0-2: Ground out 6-3 (Groundball, 6)
Batting: LHB Robert Adams 0-0: Called Strike
0-1: Ball
1-1: Ball
2-1: Fly out, F9 (Flyball, 89S)
Batting: RHB James Pike 0-0: Ball
1-0: Ball
2-0: Foul Ball, location: 2F
2-1: Ball
3-1: Ground out 6-3 (Groundball, 6)
Bottom of the 8th over - 0 runs, 0 hits, 0 errors, 0 left on base; Gryfindor 5 - Santa Barbara 0
TOP OF THE 9TH
Gryfindor Braves batting - Pitching for Santa Barbara Golden Cranes : RHP Salvador Torres
Batting: RHB Ernesto Souza 0-0: Ball
1-0: Ball
2-0: Foul Ball, location: 2F
2-1: Ball
3-1: Fly out, F3 (Popup, 3F)
Batting: RHB Robinson Barquero 0-0: Called Strike
0-1: Ball
1-1: Fly out, F8 (Flyball, 8RM)
Batting: RHB Austin Case 0-0: Called Strike
0-1: Foul Ball, location: 2F
0-2: Foul Ball, location: 2F
0-2: SINGLE (Groundball, 4MD)
Batting: RHB Roy Herring 0-0: Ball
1-0: Ball
2-0: Ball
3-0: Called Strike
3-1: Base on Balls
Austin Case to second
Batting: RHB Damon Newbold 0-0: Called Strike
0-1: Swinging Strike
0-2: Ball
1-2: Foul Ball, location: 2F
1-2: Ball
2-2: Foul Ball, location: 2F
2-2: Ground out 2-3 (Groundball, 15S)
Top of the 9th over - 0 runs, 1 hit, 0 errors, 2 left on base; Gryfindor 5 - Santa Barbara 0
BOTTOM OF THE 9TH
Santa Barbara Golden Cranes batting - Pitching for Gryfindor Braves : RHP José Vargo
Batting: RHB Byron Isaacson 0-0: Fly out, F7 (Flyball, 7LM)
Batting: RHB Logan Manning 0-0: Ground out 6-3 (Groundball, 6)
Batting: RHB Gilbert Graham 0-0: Ball
1-0: Called Strike
1-1: Foul Ball, location: 2F
1-2: Ball
2-2: Ball
3-2: Base on Balls
Batting: RHB Héctor Moreno 0-0: Ball
1-0: Ball
2-0: Foul Ball, location: 2F
2-1: Ball
3-1: Base on Balls
Gilbert Graham to second
Batting: RHB Salvador Noriega 0-0: Ball
1-0: SINGLE (Line Drive, 8LS)
Gilbert Graham to third
Héctor Moreno to second
Batting: LHB Sixto Álvarez 0-0: Called Strike
0-1: Foul Ball, location: 2F
0-2: Ball
1-2: Foul Ball, location: 2F
1-2: Fly out, F8 (Flyball, 8RXD)
Bottom of the 9th over - 0 runs, 1 hit, 0 errors, 3 left on base; Gryfindor 5 - Santa Barbara 0
Tuesday, June 12th, 2018 - OOTP Baseball 18.8 Build 76